 Dungeon Crawl Stone Soup version 0.27-a0-385-g3208abaabc (webtiles) character file.

Game seed: 11861424155193292292

21975 tilp the Martial Artist (level 12, -1/98 HPs)
             Began as an Octopode Transmuter on Feb 19, 2021.
             Was the Champion of Okawaru.
             Slain by a wolf (4 damage)
             ... on level 3 of the Lair of Beasts.
             The game lasted 00:36:36 (21394 turns).

tilp the Martial Artist (Octopode Transmuter)      Turns: 21394, Time: 00:36:37

Health: -1/98      AC:  7    Str: 10    XL:     12   Next: 95%
Magic:  0/19       EV: 20    Int: 26    God:    Okawaru [******]
Gold:   441        SH:  0    Dex: 12    Spells: 3/21 levels left

rFire    . . .     SeeInvis .     - Unarmed
rCold    + + +     Faith    .   (shield currently unavailable)
rNeg     . . .     Spirit   +   (helmet currently unavailable)
rPois    +         Reflect  .   x - amulet of guardian spirit
rElec    .         Harm     .   d - ring of willpower
rCorr    .         Rampage  .   k - +4 ring of slaying
Will     +....                  B - ring of wizardry
Stlth    +++++.....             F - ring of protection from cold
HPRegen  0.26/turn              K - +6 ring of intelligence
MPRegen  0.16/turn              L - +4 ring of evasion
                                j - ring of fire
                                (no ring)

@: ice-form, heroism
A: large, almost no armour, stealthy swim, amphibious, 8 rings, (constrict 8)
a: End Transformation, Renounce Religion, Heroism, Finesse


You were on level 3 of the Lair of Beasts.
You worshipped Okawaru.
Okawaru was exalted by your worship.
You were a creature of crystalline ice.
You visited 3 branches of the dungeon, and saw 17 of its levels.

You collected 855 gold pieces.
You spent 414 gold pieces at shops.

Inventory:

Missiles
 h - 54 poisoned darts (quivered)
 n - 2 atropa-tipped darts
 q - 11 boomerangs
Armour
 t - the +2 hat of Utesenoh (melded) {+Blink rN+ rCorr}
   (Okawaru gifted it to you on level 1 of the Lair of Beasts)

   It protects you from negative energy.
   It lets you blink.
   It provides partial protection from all sources of acid and corrosion.
Jewellery
 d - a ring of willpower (left front paw)
 j - a ring of fire (on tentacle)
 k - a +4 ring of slaying (right front paw)
 x - an amulet of guardian spirit (around neck)
 B - a ring of wizardry (on tentacle)
 F - a ring of protection from cold (on tentacle)
 K - a +6 ring of intelligence (on tentacle)
 L - a +4 ring of evasion (on tentacle)
Wands
 c - a wand of charming (14)
 r - a wand of paralysis (16)
 y - a wand of flame (31)
 z - a wand of digging (7)
 G - a wand of iceblast (5)
 M - a wand of acid (7)
Scrolls
 e - 2 scrolls of teleportation
 f - 2 scrolls of enchant armour
 l - a scroll of magic mapping
 p - a scroll of enchant weapon
 w - 2 scrolls of identify
 H - a scroll of immolation
 J - a scroll of fear
Potions
 a - a potion of berserk rage
 b - 2 potions of degeneration
 g - 4 potions of flight
 m - 2 potions of attraction
 o - 5 potions of cancellation
 s - 2 potions of lignification
 u - 3 potions of brilliance
 v - 3 potions of haste
 C - a potion of might
 D - a potion of ambrosia
 E - 2 potions of mutation
 I - 4 potions of curing


   Skills:
 - Level 8.0(13.0) Fighting
 - Level 8.0(13.0) Dodging
 - Level 6.0(11.0) Stealth
 - Level 12.0(17.0) Unarmed Combat
 + Level 5.1 Spellcasting
 - Level 2.0 Translocations
 - Level 8.0 Transmutations
 - Level 4.0 Ice Magic
 - Level 4.0 Poison Magic
 - Level 6.0 Invocations
 + Level 5.5 Evocations


You had 3 spell levels left.
You knew the following spells:

 Your Spells              Type           Power        Failure   Level
a - Beastly Appendage     Tmut           96%          1%          1
b - Wereblood             Tmut           48%          1%          2
c - Spider Form           Tmut/Pois      18%          1%          3
d - Ice Form              Ice/Tmut       37%          2%          4
e - Blade Hands           Tmut           24%          3%          5
f - Corona                Hex            6%           3%          1
g - Blink                 Tloc           N/A          1%          2

Your spell library contained the following spells:

 Spells                   Type           Power        Failure   Level
 Ensorcelled Hibernation  Hex/Ice        34%          1%          2
 Passwall                 Tmut/Erth      22%          1%          2
 Magic Dart               Conj           24%          3%          1
 Sandblast                Erth           12%          3%          1
 Call Imp                 Summ           6%           4%          2
 Searing Ray              Conj           12%          4%          2
 Slow                     Hex            6%           4%          2
 Mephitic Cloud           Conj/Pois/Air  13%          5%          3
 Confusing Touch          Hex            6%           9%          3
 Conjure Flame            Conj/Fire      10%          9%          3
 Dazzling Flash           Conj/Hex       12%          9%          3
 Stone Arrow              Conj/Erth      12%          9%          3
 Tukima's Dance           Hex            6%           9%          3
 Petrify                  Tmut/Erth      27%          6%          4
 Iskenderun's Mystic Bla  Conj/Tloc      11%          21%         4
 Fulminant Prism          Conj/Hex       3%           28%         4
 Lee's Rapid Deconstruct  Erth           3%           61%         5


Dungeon Overview and Level Annotations

Branches:
Dungeon (13/15)            Temple (1/1) D:4            Lair (3/6) D:9
  Swamp (0/4) Lair:2          Orc (0/2) D:11
  Snake: Lair:2-4    Spider: Lair:2-4    Vaults: D:13-14

Altars:
Ashenzari
Cheibriados
Dithmenos
Elyvilon
Fedhas
Gozag
Hepliaklqana
Kikubaaqudgha
Makhleb
Nemelex Xobeh
Okawaru
Qazlal
Ru
Sif Muna
Trog
Uskayaw
Vehumet
Wu Jian
Xom
Yredelemnul
Zin
The Shining One

Shops:
D:9 [   D:11 *

Annotations:
D:7 3 runed translucent doors, Nebesus's ghost, novice HuFi


Innate Abilities, Weirdness & Mutations

You cannot wear most types of armour.
You are very stealthy in the water. (Stealth+)
You are amphibious.
You can wear up to eight rings at the same time.
((You can use your tentacles to constrict eight enemies at once.))
((Your skin changes colour to match your surroundings (Stealth+).))
((Your rubbery body absorbs attacks. (AC +1, EV +1)))


Message History

The wolf completely misses you. The wolf bites you.
* * * LOW HITPOINT WARNING * * *
The wolf bites you but does no damage.
You punch the wolf! You freeze the wolf.
You kill the wolf!
Okawaru accepts your kill. The wolf bites you.
* * * LOW HITPOINT WARNING * * *
Unknown command.
Okay, then.
You gain the combat prowess of a mighty hero.
The wolf completely misses you. x2; The wolf bites you.
* * * LOW HITPOINT WARNING * * *
The wolf closely misses you.
Unknown command.
You punch the wolf! You freeze the wolf.
The wolf is severely wounded.
The wolf completely misses you. x2
Unknown command.
You pummel the wolf!! You freeze the wolf.
You kill the wolf!
Okawaru accepts your kill. The wolf bites you!
* * * LOW HITPOINT WARNING * * *
Unknown command.
You feel much better. The wolf misses you.
Unknown command.
You hit the wolf but do no damage. The wolf bites you.
* * * LOW HITPOINT WARNING * * *
The wolf bites you!
* * * LOW HITPOINT WARNING * * *
Unknown command.
You punch the wolf! You freeze the wolf.
The wolf is heavily wounded.
The wolf bites you.
* * * LOW HITPOINT WARNING * * *
The wolf bites you!
* * * LOW HITPOINT WARNING * * *
The wolf bites you.
You die...

########## #....#PhY#
#P.....h## ##.......##
#..... #........### #.....
##.........### ......
##........#.######.....
...#.........P.P..##......
......†..>.......##.......
......†.......^...........


You could see 2 wolves.

Vanquished Creatures
  Azrael (D:13)
  3 hydras
  Erica (Lair:2)
  Nergalle (Lair:2)
  Pikel (D:8)
  An ugly thing (D:13)
  3 black mambas (Lair:2)
  2 centaur zombies
  2 redback zombies
  A kobold demonologist (D:13)
  3 komodo dragons
  2 hellwings (D:7)
  A polar bear (Lair:3)
  2 trolls
  Grinder (D:3)
  5 blink frogs (Lair:2)
  A meliai zombie (D:7)
  Sigmund (D:6)
  A fire elemental (D:13)
  A wraith (D:10)
  2 wyverns
  15 yaks
  4 basilisks
  Grum (D:8)
  A soldier ant (D:10)
  5 water moccasins
  Duvessa (D:5)
  3 orc warriors
  4 sky beasts
  2 black bears
  2 necrophages
  4 ogres
  An ice beast (D:9)
  17 wolves
  3 centaurs
  3 lemures (D:8)
  2 phantoms
  8 bullfrogs
  A wyvern zombie (D:7)
  A gnoll sergeant (D:8)
  Dowan (D:5)
  3 scorpions
  A wyvern skeleton (D:7)
  5 killer bees (D:7)
  5 wights
  4 electric eels
  8 howler monkeys
  A quasit (D:7)
  2 bullfrog skeletons (D:5)
  3 bullfrog zombies
  4 centaur skeletons
  8 orc priests
  12 hounds
  4 jellies
  Terence (D:2)
  Jessica (D:3)
  6 iguanas
  8 orc wizards
  7 worker ants
  A hound skeleton (D:9)
  A worker ant zombie (D:11)
  9 gnolls
  7 adders
  4 shadow imps
  2 white imps
  An ufetubus (D:5)
  An adder skeleton (D:4)
  A worm (D:3)
  4 dart slugs
  8 leopard geckos
  56 orcs
  2 ball pythons
  8 giant cockroaches
  7 goblins
  8 hobgoblins
  6 jackals
  4 quokkas
  9 bats
  7 frilled lizards
  12 kobolds
  10 rats
366 creatures vanquished.

Vanquished Creatures (others)
  A fungus (Lair:3)
  2 plants (Lair:1)
  12 withered plants (D:7)
15 creatures vanquished.

Grand Total: 381 creatures vanquished

Notes
Turn   | Place    | Note
-------+----------+-------------------------------------------
     0 | D:1      | tilp the Octopode Transmuter began the quest for the Orb.
     0 | D:1      | Reached XP level 1. HP: 13/13 MP: 3/3
    59 | D:1      | Reached skill level 1 in Stealth
   393 | D:1      | Reached XP level 2. HP: 10/18 MP: 5/5
   396 | D:1      | Learned a level 2 spell: Wereblood
  1188 | D:1      | Reached XP level 3. HP: 15/23 MP: 4/6
  2271 | D:2      | Reached XP level 4. HP: 27/29 MP: 7/7
  2312 | D:2      | Found an ornate altar of the Wu Jian Council.
  2312 | D:2      | Noticed Terence
  2519 | D:2      | Killed Terence
  2940 | D:2      | Found a faded altar of an unknown god.
  3106 | D:2      | Reached XP level 5. HP: 36/36 MP: 8/8
  3232 | D:2      | Learned a level 3 spell: Spider Form
  3462 | D:3      | Noticed Grinder
  3473 | D:3      | Killed Grinder
  3474 | D:3      | Reached skill level 5 in Unarmed Combat
  3474 | D:3      | Reached XP level 6. HP: 41/43 MP: 9/9
  3566 | D:3      | Noticed Jessica
  3572 | D:3      | Killed Jessica
  4198 | D:4      | Reached XP level 7. HP: 48/48 MP: 5/10
  4293 | D:4      | Found a glowing golden altar of the Shining One.
  4388 | D:4      | Reached skill level 6 in Unarmed Combat
  4603 | D:4      | Found a white marble altar of Elyvilon.
  4947 | D:4      | Found a staircase to the Ecumenical Temple.
  4958 | Temple   | Entered the Ecumenical Temple
  5119 | Temple   | Became a worshipper of Warmaster Okawaru
  5184 | D:5      | Entered Level 5 of the Dungeon
  5240 | D:5      | Noticed Duvessa
  5240 | D:5      | Noticed Dowan
  6068 | D:5      | Killed Duvessa
  6546 | D:5      | Reached XP level 8. HP: 54/54 MP: 9/11
  6587 | D:5      | Killed Dowan
  6588 | D:5      | Reached skill level 5 in Fighting
  6948 | D:6      | Reached skill level 1 in Invocations
  7091 | D:6      | Found a sacrificial altar of Ru.
  7105 | D:6      | Reached skill level 7 in Unarmed Combat
  7632 | D:5      | Reached * piety under Okawaru
  8134 | D:6      | Noticed Sigmund
  8142 | D:6      | Killed Sigmund
  8143 | D:6      | Reached skill level 5 in Dodging
  8143 | D:6      | Reached XP level 9. HP: 60/62 MP: 8/12
  8267 | D:6      | Found a snail-covered altar of Cheibriados.
  8989 | D:7      | Reached ** piety under Okawaru
  8990 | D:7      | Reached skill level 8 in Unarmed Combat
  8990 | D:7      | Reached skill level 1 in Poison Magic
  9004 | D:7      | Noticed a hellwing
  9004 | D:7      | Noticed a hellwing
  9027 | D:6      | Learned a level 4 spell: Ice Form
  9424 | D:7      | Reached *** piety under Okawaru
  9774 | D:7      | Found a runed translucent gate.
  9774 | D:7      | Found a runed translucent gate.
  9776 | D:7      | Noticed a boulder beetle
  9779 | D:7      | Found a runed translucent gate.
  9779 | D:7      | Noticed Nebesus's ghost (novice HuFi)
  9826 | D:7      | Reached skill level 5 in Transmutations
  9929 | D:7      | Reached XP level 10. HP: 52/68 MP: 13/16
 10890 | D:7      | Reached skill level 1 in Evocations
 11030 | D:7      | Reached **** piety under Okawaru
 11039 | D:7      | Reached skill level 5 in Invocations
 11439 | D:8      | Noticed Pikel
 11448 | D:8      | Killed Pikel
 11876 | D:8      | Learned a level 5 spell: Blade Hands
 11878 | D:8      | Learned a level 1 spell: Corona
 11945 | D:8      | Noticed Grum
 11948 | D:8      | Killed Grum
 12362 | D:8      | Reached ***** piety under Okawaru
 12966 | D:9      | Reached XP level 11. HP: 42/70 MP: 9/17
 13477 | D:9      | Reached skill level 5 in Stealth
 13877 | D:9      | Found a staircase to the Lair.
 14006 | D:9      | Found a shadowy altar of Dithmenos.
 14131 | D:9      | Found Ozenyferr's Armour Emporium.
 14303 | D:9      | Learned a level 2 spell: Blink
 14346 | D:10     | Entered Level 10 of the Dungeon
 15730 | D:11     | Reached skill level 9 in Unarmed Combat
 15736 | D:11     | Found a staircase to the Orcish Mines.
 16484 | D:11     | Received a gift from Okawaru
 16568 | D:11     | You fall into a shaft and drop 2 floors!
 16715 | D:13     | Noticed a cyan ugly thing
 16729 | D:13     | Killed a cyan ugly thing
 16942 | D:12     | Noticed a centaur warrior
 17137 | D:13     | Noticed Azrael
 17160 | D:13     | Killed Azrael
 17516 | D:11     | You fall into a shaft and drop 1 floor!
 17775 | D:11     | Found Metetwuq's Assorted Antiques.
 17784 | D:11     | Bought a scroll of teleportation for 108 gold pieces
 17784 | D:11     | Bought an ivory ring for 180 gold pieces
 17784 | D:11     | Bought a scroll of magic mapping for 126 gold pieces
 17848 | D:11     | Reached skill level 10 in Unarmed Combat
 18227 | Lair:1   | Entered Level 1 of the Lair of Beasts
 18233 | Lair:1   | Noticed a five-headed hydra
 18246 | Lair:1   | Received a gift from Okawaru
 18250 | Lair:1   | Reached XP level 12. HP: 82/82 MP: 12/18
 18254 | Lair:1   | Got a transparent hat {god gift}
 18255 | Lair:1   | Identified the +2 hat of Utesenoh {+Blink rN+ rCorr}
                  | (Okawaru gifted it to you on level 1 of the Lair of Beasts)
 18653 | Lair:1   | Killed a five-headed hydra
 18801 | Lair:1   | Reached skill level 11 in Unarmed Combat
 19182 | Lair:1   | You fall into a shaft and drop 1 floor!
 19182 | Lair:2   | Found a staircase to the Swamp.
 19183 | Lair:2   | Noticed a six-headed hydra
 19187 | Lair:2   | Killed a six-headed hydra
 19710 | Lair:2   | Noticed Nergalle
 19718 | Lair:2   | Killed Nergalle
 19755 | Lair:2   | Noticed Erica
 19829 | Lair:2   | Reached skill level 12 in Unarmed Combat
 20123 | Lair:2   | Noticed a six-headed hydra
 20133 | Lair:2   | Killed a six-headed hydra
 20134 | Lair:2   | Reached skill level 1 in Translocations
 20903 | Lair:2   | Paralysed by Erica for 4 turns
 20909 | Lair:2   | Killed Erica
 20910 | Lair:2   | Reached skill level 5 in Evocations
 20996 | Lair:3   | Reached ****** piety under Okawaru
 21333 | Lair:3   | Reached skill level 5 in Spellcasting
 21394 | Lair:3   | HP: 3/98 [wolf (7)]
 21394 | Lair:3   | Slain by a wolf

Illustrated notes

Levels and vault maps discovered:
D:1:      sevenhm_arrival_forest_fort_large_4, layout_basic
D:2:      layout_loops_cross, nzn_wu_jian_contemplation,
          chequers_ecumenical_altar_grove, minmay_diced_spiral, uniq_terence
D:3:      layout_loops_ring, grunt_ministairs_9, hex_tiny, uniq_jessica,
          uniq_grinder
D:4:      layout_gridville, general_overflow_altar, elyvilon_altar_3,
          temple_hall
D:5:      layout_basic, uniq_duvessa
D:6:      layout_basic, cheibriados_altar_2, nicolae_ru_awakened_eye,
          uniq_sigmund
D:7:      cheibrodos_grave_circle, layout_loops_cross, gammafunk_ghost_split
D:8:      layout_basic, uniq_grum, uniq_pikel
D:9:      layout_irregular_city, nicolae_dithmenos_shadow_blocks,
          erik_lair_island, minivault_16, kennysheep_windowed_goal
D:10:     layout_basic
D:11:     layout_long_grid, hiddenorc2_lemuel, serial_shops,
          nicolae_shop_crystal
D:12:     layout_irregular_city
D:13:     fort_yaktaur, layout_basic, patterned_corridor, uniq_azrael
Temple:   regret_index_temple_sphere_string
Lair:1:   layout_cellular_growth, lemuel_fruit_tree, grunt_megastairs_4,
          infiniplex_staircase_pool, serial_bayou_shore_a
Lair:2:   layout_cellular_growth, swamp_mist, uniq_erica, uniq_nergalle
Lair:3:   gammafunk_indiana_jones, layout_hall_layers,
          ebering_ghost_reflecting_pool, kennysheep_basilisk_garden

Skill      XL: |  1  2  3  4  5  6  7  8  9 10 11 12 |
---------------+-------------------------------------+-----
Stealth        | 2 3 4 6 |  6.0
Fighting       | 2 3 4 6 8 |  8.0
Unarmed Combat | 5 6 7 8 10 12 | 12.0
Dodging        | 3 5 6 8 |  8.0
Invocations    | 4 6 |  6.0
Poison Magic   | 2 4 |  4.0
Transmutations | 5 8 |  8.0
Spellcasting   | 4 5 |  5.1
Ice Magic      | 2 4 |  4.0
Evocations     | 4 5 |  5.5
Translocations | 2 |  2.0

Action                   |  1- 3 |  4- 6 |  7- 9 | 10-12 || total
-------------------------+-------+-------+-------+-------++-------
Melee: Unarmed           |    95 |    86 |   212 |   592 ||   985
       Constrict         |    27 |    24 |    34 |    16 ||   101
       Tentacles         |     9 |    12 |    33 |    15 ||    69
       Kick              |    10 |     5 |    41 |     5 ||    61
       Punch             |     1 |     1 |     6 |     2 ||    10
Throw: Stone             |     7 |       |       |       ||     7
       Dart              |       |     6 |    21 |     5 ||    32
 Cast: Beastly Appendage |    10 |    12 |    35 |     9 ||    66
       Wereblood         |     2 |     4 |     8 |    20 ||    34
       Spider Form       |       |       |    12 |    28 ||    40
       Ice Form          |       |       |       |    43 ||    43
       Blink             |       |       |       |     4 ||     4
       Blade Hands       |       |       |       |     1 ||     1
Invok: Heroism           |       |       |     1 |     8 ||     9
Evoke: Wand              |       |       |       |     9 ||     9
  Use: Scroll            |     4 |     1 |     3 |    23 ||    31
       Potion            |       |       |     2 |     6 ||     8
 Stab: Sleeping          |    10 |     8 |    11 |    10 ||    39
       Distracted        |       |       |     1 |     1 ||     2
Armor: Skin              |     8 |     3 |     8 |    41 ||    60
Dodge: Dodged            |    44 |    42 |   133 |   554 ||   773

Table legend: (Time is in decaauts)
 A = Elapsed time spent in this place.
 B = Non-inter-level travel time spent in this place.
 C = Inter-level travel time spent in this place.
 D = Time resting spent in this place.
 E = Time spent auto-exploring this place.
 F = Levels seen in this place.
 G = Mean time per level.
                   A        B        C        D        E       F      G
               +--------+--------+--------+--------+--------+-----+--------+
         Total |  21289 |  20464 |    825 |   7055 |   9899 |  17 | 1252.3 |
       Dungeon |  17970 |  17242 |    728 |   6261 |   7916 |  13 | 1382.3 |
        Temple |    186 |    161 |     25 |      0 |    151 |   1 |  186.0 |
          Lair |   3133 |   3061 |     72 |    794 |   1832 |   3 | 1044.3 |
               +--------+--------+--------+--------+--------+-----+--------+

Top non-repeatable levels by time:
     D:6: 2237 daAuts
     D:5: 2036 daAuts
     D:1: 1987 daAuts
     D:8: 1909 daAuts
  Lair:2: 1757 daAuts
    D:10: 1639 daAuts
     D:7: 1568 daAuts
  Lair:1: 1296 daAuts
     D:4: 1267 daAuts
     D:2: 1247 daAuts
     D:9: 1168 daAuts
    D:11: 1099 daAuts
     D:3: 838 daAuts
    D:13: 740 daAuts
    D:12: 228 daAuts
